 Dungeon Crawl Stone Soup version 0.30-a0-778-g2ef04afb54 (webtiles) character file.

Game seed: 8549667560037170630

126 Strat the Cudgeller (level 4, -3/32 (36) HPs)
             Began as a Demigod Reaver on Feb 16, 2023.
             Slain by Natasha (9 damage)
             ... on level 3 of the Dungeon.
             The game lasted 00:03:56 (1705 turns).

Strat the Cudgeller (Demigod Reaver)                Turns: 1705, Time: 00:03:57

HP:   -3/32 (36)    AC:  3    Str: 17    XL:     4   Next: 55%
MP:   7/9           EV: 11    Int: 15    God:
Gold: 112           SH:  0    Dex: 12    Spells: 2/6 levels left

rFire   . . .      SeeInvis .    a - +0 mace
rCold   . . .      Faith    .    (no shield)
rNeg    + . .      Spirit   .    b - +0 leather armour
rPois   .          Reflect  .    (no helmet)
rElec   .          Harm     .    (no cloak)
rCorr   .          Rampage  .    (no gloves)
Will    .....                    (no boots)
Stlth   +                        k - amulet of the acrobat
HPRegen 0.25/turn                d - ring of positive energy
MPRegen 0.11/turn                (no ring)

@: immotile, slowed, heavily drained, very slow
A: high MP 1, forlorn, divine attributes
a: no special abilities


You were on level 3 of the Dungeon.
You visited 1 branch of the dungeon, and saw 3 of its levels.

You collected 112 gold pieces.

Inventory:

Hand Weapons
 a - a +0 mace (weapon)
Armour
 b - a +0 leather armour (worn)
 f - a +0 tower shield
Jewellery
 d - a ring of positive energy (left hand)
 k - an amulet of the acrobat (around neck)
Scrolls
 c - a scroll of blinking {unknown}
 h - a scroll of enchant weapon {unknown}
 l - a scroll of amnesia {unknown}
 n - a scroll of identify {unknown}
 o - a scroll of poison {unknown}
 s - a scroll of torment {unknown}
 u - a scroll of fog
Potions
 e - a potion of flight
 g - a potion of attraction {unknown}
 i - a potion of berserk rage {unknown}
 j - 3 potions of curing {unknown}
 m - a potion of ambrosia {unknown}
 p - a potion of heal wounds {unknown}
 q - a potion of resistance {unknown}
 r - a potion of invisibility {unknown}
 t - a potion of cancellation {unknown}


   Skills:
 - Level 1.7 Fighting
 + Level 5.0 Maces & Flails
 - Level 1.7 Dodging
 - Level 1.7 Spellcasting
 + Level 2.8 Conjurations


You had 2 spell levels left.
You knew the following spells:

 Your Spells              Type           Power      Damage    Failure   Level
a - Kiss of Death         Conj/Necr      20%        2d7       16%         1
b - Momentum Strike       Conj/Tloc      10%        3d8       24%         2
c - Sandblast             Erth           2%         2d4       28%         1

Your spell library contained the following spells:

 Spells                   Type           Power      Damage    Failure   Level
 Passwall                 Tmut/Erth      0%         N/A       38%         2
 Hailstorm                Conj/Ice       5%         3d4       43%         3
 Stone Arrow              Conj/Erth      10%        3d7       43%         3
 Confusing Touch          Hex            1%         N/A       63%         3
 Dispel Undead            Necr           1%         3d6       95%         4


Dungeon Overview and Level Annotations

Branches:
Dungeon (3/15)

Annotations:
D:3 Natasha


Innate Abilities, Weirdness & Mutations

You have an increased reservoir of magic. (+10% MP)
You shall have no god before yourself.
Your divine heritage dramatically boosts your attributes as you level up.


Message History

The magic dart hits you.
* * * LOW HITPOINT WARNING * * *
Casting: Kiss of Death (safe; 16% risk of failure)
Confirm with . or Enter, or press ? or * to list all spells.
Okay, then.
You hit the adder.
You kill the adder!
Natasha stares at you and mumbles some strange words.
You resist with some effort.
You hit Natasha.
Natasha is moderately wounded.
Natasha claws you but does no damage.
You hit Natasha but do no damage.
Natasha is moderately wounded.
Natasha completely misses you.
You hit Natasha.
Natasha is moderately wounded.
Natasha claws you!
* * * LOW HITPOINT WARNING * * *
Casting: Kiss of Death (safe; 16% risk of failure)
Confirm with . or Enter, or press ? or * to list all spells.
Aiming: Momentum Strike (dangerous; 24% risk of failure)
Press: ? - help, Dir - move target, f - Natasha
Aim: Natasha (moderately wounded, strong, 60% to hit)
The concentrated momentum hits Natasha!
Natasha is almost dead.
You are unable to move.
Natasha barely misses you.
You barely miss Natasha.
Natasha is almost dead.
Natasha claws you!
* * * LOW HITPOINT WARNING * * *
Natasha casts a spell at you.
You feel yourself slow down.
You closely miss Natasha.
Natasha is almost dead.
Natasha barely misses you.
You closely miss Natasha.
Natasha is almost dead.
Natasha claws you!
You die...

#....##.###
###..)....#
#####.#.#
#.#.# #.#.#
##.#.#
#....#
#..### #.@#
#h†# #.?#
#..# ...#
...## #..
...


You could see Natasha (strong).

Vanquished Creatures
  7 adders
  2 worms (D:2)
  6 dart slugs
  2 ball pythons
  4 bats
  5 endoplasms
  2 giant cockroaches
  3 goblins
  6 hobgoblins
  2 quokkas (D:1)
  2 frilled lizards (D:1)
  3 kobolds
  2 rats (D:1)
46 creatures vanquished.

Notes
Turn   | Place    | Note
-------+----------+-------------------------------------------
     0 | D:1      | Strat the Demigod Reaver began the quest for the Orb.
     0 | D:1      | Reached XP level 1. HP: 17/17 MP: 5/5
    57 | D:1      | Reached skill level 3 in Maces & Flails
   220 | D:1      | Reached XP level 2. HP: 23/24 MP: 7/7
   223 | D:1      | Learned a level 2 spell: Momentum Strike
   646 | D:2      | Reached XP level 3. HP: 28/29 MP: 8/8
   680 | D:1      | Reached skill level 4 in Maces & Flails
  1030 | D:2      | Reached XP level 4. HP: 35/36 MP: 9/9
  1040 | D:2      | Learned a level 1 spell: Sandblast
  1640 | D:3      | Reached skill level 5 in Maces & Flails
  1692 | D:3      | Noticed Natasha
  1705 | D:3      | Slain by Natasha

Illustrated notes

Levels and vault maps discovered:
D:1:      scummos_arrival_forest, layout_rooms
D:2:      layout_rooms, minmay_vboxes
D:3:      layout_basic, basic_ecumenical_altar, uniq_natasha

Skill      XL: |  1  2  3  4 |
---------------+-------------+-----
Maces & Flails | 3 4 5 |  5.0
Fighting       | |  1.7
Dodging        | |  1.7
Spellcasting   | |  1.7
Conjurations   | |  2.8

Action                     |  1- 3 |  4- 6 || total
---------------------------+-------+-------++-------
  Melee: Mace              |   118 |    53 ||   171
         Punch             |     2 |       ||     2
   Cast: Kiss of Death     |       |     1 ||     1
         Momentum Strike   |       |     1 ||     1
    Use: Scroll            |     3 |       ||     3
         Potion            |       |     1 ||     1
 Armour: Leather armour    |    36 |    13 ||    49
  Dodge: Dodged            |    80 |    32 ||   112

Table legend: (Time is in decaauts)
 A = Elapsed time spent in this place.
 B = Non-inter-level travel time spent in this place.
 C = Inter-level travel time spent in this place.
 D = Time resting spent in this place.
 E = Time spent auto-exploring this place.
 F = Levels seen in this place.
 G = Mean time per level.
                   A        B        C        D        E       F      G
               +--------+--------+--------+--------+--------+-----+--------+
         Total |   1738 |   1687 |     51 |    364 |    838 |   3 |  579.3 |
       Dungeon |   1738 |   1687 |     51 |    364 |    838 |   3 |  579.3 |
               +--------+--------+--------+--------+--------+-----+--------+

Top non-repeatable levels by time:
     D:2: 759 daAuts
     D:1: 734 daAuts
     D:3: 244 daAuts
